 Dungeon Crawl Stone Soup version 0.26-a0-835-g8259106e14 (webtiles) character file.

Game seed: 2282149836459795076

9 kreisler the Vexing (level 2, 0/23 HPs)
             Began as a Gnoll Arcane Marksman on Nov 17, 2020.
             Slain by a rat (3 damage)
             ... on level 1 of the Dungeon.
             The game lasted 00:02:31 (129 turns).

kreisler the Vexing (Gnoll Arcane Marksman)          Turns: 129, Time: 00:02:31

Health: 0/23       AC:  2    Str: 12    XL:     2   Next: 16%
Magic:  5/5        EV: 14    Int: 15    God:
Gold:   10         SH:  0    Dex: 15    Spells: 5/6 levels left

rFire    . . .     SeeInvis .   a - +0 shortbow
rCold    . . .     Faith    .   (shield currently unavailable)
rNeg     . . .     Spirit   .   e - +0 robe
rPois    .         Reflect  .   (no helmet)
rElec    .         Harm     .   (no cloak)
rCorr    .         Rampage  .   (no gloves)
MR       .....                  (no boots)
Stlth    ++........             (no amulet)
HPRegen  0.07/turn              (no ring)
MPRegen  0.09/turn              (no ring)

@: no status effects
A: distributed training, fangs 1, strong nose
a: no special abilities


You were on level 1 of the Dungeon.
You visited 1 branch of the dungeon, and saw 1 of its levels.

You collected 10 gold pieces.

Inventory:

Hand Weapons
 a - a +0 shortbow (weapon)
Armour
 e - a +0 robe (worn)
Scrolls
 c - a scroll of identify
 f - a scroll of teleportation {unknown}
Potions
 b - a potion of magic
 g - a potion of heal wounds {unknown}


   Skills:
 + Level 2.4 Fighting
 + Level 0.3 Short Blades
 + Level 0.3 Long Blades
 + Level 0.3 Axes
 + Level 0.3 Maces & Flails
 + Level 0.3 Polearms
 + Level 0.3 Staves
 + Level 0.3 Slings
 + Level 4.4 Bows
 + Level 0.3 Crossbows
 + Level 0.3 Throwing
 + Level 0.3 Armour
 + Level 4.4 Dodging
 + Level 0.3 Stealth
 + Level 0.3 Shields
 + Level 0.3 Unarmed Combat
 + Level 2.7 Spellcasting
 + Level 0.2 Conjurations
 + Level 5.3 Hexes
 + Level 0.2 Summonings
 + Level 0.2 Necromancy
 + Level 0.2 Translocations
 + Level 0.2 Transmutations
 + Level 0.2 Fire Magic
 + Level 0.2 Ice Magic
 + Level 0.2 Air Magic
 + Level 0.2 Earth Magic
 + Level 0.2 Poison Magic
 + Level 0.4 Invocations
 + Level 0.3 Evocations


You had 5 spell levels left.
You knew the following spells:

 Your Spells              Type           Power        Failure   Level
a - Corona                Hex            ###....      2%          1

Your spell library contained the following spells:

 Spells                   Type           Power        Failure   Level
 Slow                     Hex            ###.....     3%          2
 Inner Flame              Hex/Fire       ##......     21%         3
 Portal Projectile        Hex/Tloc       ##....       21%         3
 Cause Fear               Hex            ###.......   22%         4
 Leda's Liquefaction      Hex/Erth       ##........   54%         4


Dungeon Overview and Level Annotations

Branches:
Dungeon (1/15)

Altars:


Innate Abilities, Weirdness & Mutations

Your experience applies equally to all skills.
You have very sharp teeth.
Your uncanny sense of smell can sniff out nearby items.


Message History

You barely miss the jackal. The jackal barely misses you.
The jackal misses you. x2; The jackal closely misses you.
You barely miss the jackal. The jackal misses you.
The jackal barely misses you. x2; The jackal misses you.
You clumsily bash the jackal but do no damage.
The jackal bites you but does no damage.
The jackal barely misses you. The jackal misses you.
The jackal closely misses you.
You barely miss the jackal. The jackal misses you.
The jackal bites you but does no damage.
The jackal barely misses you. The jackal bites you.
* * * LOW HITPOINT WARNING * * *
The jackal barely misses you.
You clumsily bash the jackal but do no damage.
The jackal completely misses you. The rat bites you.
* * * LOW HITPOINT WARNING * * *
You clumsily bash the jackal but do no damage.
Your bite misses the jackal.
The jackal stops glowing.
The jackal closely misses you. The rat bites you.
You die...

....h(.......#.####...
..K.h.(...............
####..>..............
###...#.....##....
#...##...........
##..####....##....
#h..# ##.....†...
######r### #...##....
#....h@# #[..##...[
#......# ######..†.
#.###### #.... # #####


You could see 2 jackals and a rat.

Vanquished Creatures
  A bat (D:1)
  4 jackals (D:1)
  2 kobolds (D:1)
  A rat (D:1)
8 creatures vanquished.

Notes
Turn   | Place    | Note
-------+----------+-------------------------------------------
     0 | D:1      | kreisler the Gnoll Arcane Marksman began the quest for the
                  | Orb.
     0 | D:1      | Reached XP level 1. HP: 17/17 MP: 4/4
    89 | D:1      | Reached XP level 2. HP: 23/23 MP: 5/5
   129 | D:1      | Slain by a rat

Illustrated notes

Levels and vault maps discovered:
D:1:      psy_arrival_terrarium, layout_rooms

Action                   || total
-------------------------++-------
Melee: Shortbow          ||     6
 Fire: Shortbow          ||    30
 Cast: Corona            ||     1
  Use: Scroll            ||     1
Armor: Robe              ||     9
Dodge: Dodged            ||    44

Table legend: (Time is in decaauts)
 A = Elapsed time spent in this place.
 B = Non-inter-level travel time spent in this place.
 C = Inter-level travel time spent in this place.
 D = Time resting spent in this place.
 E = Time spent auto-exploring this place.
 F = Levels seen in this place.
 G = Mean time per level.
                   A        B        C        D        E       F      G
               +--------+--------+--------+--------+--------+-----+--------+
         Total |    133 |    133 |      0 |      0 |     16 |   1 |  133.0 |
       Dungeon |    133 |    133 |      0 |      0 |     16 |   1 |  133.0 |
               +--------+--------+--------+--------+--------+-----+--------+

Top non-repeatable levels by time:
     D:1: 133 daAuts
